 Dungeon Crawl Stone Soup version 0.30.1-11-g7821555f0a (webtiles) character file.

Game seed: 7146948307760345121

1892 lonewolfV2 the Chopper (level 9, 0/72 HPs)
             Began as a Formicid Fighter on Nov 28, 2023.
             Was an Initiate of Qazlal.
             Slain by a killer bee (3 damage)
             ... on level 8 of the Dungeon.
             The game lasted 00:12:00 (6169 turns).

lonewolfV2 the Chopper (Formicid Fighter)           Turns: 6169, Time: 00:12:01

Health: 0/72       AC: 14    Str: 23    XL:     9   Next: 37%
Magic:  13/13      EV:  6    Int:  8    God:    Qazlal [......]
Gold:   363        SH:  0    Dex: 15    Spells: 8/8 levels left

rFire   + . .        a - +0 war axe (flame)
rCold   + . .        c - +0 buckler
rNeg    . . .        k - +1 plate armour
rPois   +            (helmet unavailable)
rElec   +            x - +0 cloak
rCorr   +            (no gloves)
SInv    +            (no boots)
Will    .....        (no amulet) Stlth
                     (no ring)
HPRegen 0.32/turn    (no ring)
MPRegen 0.13/turn

%: no passive effects
@: confused, lethally poisoned (0 -> -8), resistant, ambrosia-drunk
A: permanent stasis, dig shafts and tunnels, antennae 3, four strong arms
a: Dig, Shaft Self, Renounce Religion


You were on level 8 of the Dungeon.
You worshipped Qazlal.
Qazlal was noncommittal.
You visited 2 branches of the dungeon, and saw 9 of its levels.

You collected 363 gold pieces.

Inventory:

Hand Weapons
 a - a +0 war axe of flaming (weapon)
Missiles
 d - a throwing net
Armour
 c - a +0 buckler (worn)
 k - a +1 plate armour (worn)
 x - a +0 cloak (worn)
Jewellery
 y - a ring of fire
Wands
 n - a wand of roots (1)
 r - a wand of charming (10)
 u - a wand of quicksilver (8)
Scrolls
 e - 3 scrolls of amnesia
 f - 4 scrolls of fear
 h - a scroll of noise
 p - a scroll of brand weapon
 q - a scroll of fog
 s - a scroll of enchant weapon
 v - a scroll of magic mapping
Potions
 b - a potion of flight {unknown}
 g - a potion of ambrosia
 j - 3 potions of haste
 m - a potion of cancellation {unknown}
 o - a potion of mutation {unknown}
 t - a potion of might
 w - a potion of berserk rage {unknown}


   Skills:
 - Level 7.6 Fighting
 - Level 7.6 Axes
 + Level 5.2 Armour
 - Level 4.0 Shields
 * Level 6.0 Invocations


You had 8 spell levels left.
You didn't know any spells.
Your spell library contained the following spells:

 Spells                   Type           Power      Damage    Failure   Level
 Beastly Appendage        Tmut           0%         N/A       100%        1
 Magic Dart               Conj           0%         1d3       100%        1
 Searing Ray              Conj           0%         2d4       100%        2
 Sublimation of Blood     Necr           0%         N/A       100%        2
 Wereblood                Tmut           0%         N/A       100%        2
 Spider Form              Tmut/Pois      0%         N/A       100%        3
 Fulminant Prism          Conj/Hex       0%         3d5       100%        4
 Petrify                  Tmut/Erth      0%         N/A       100%        4
 Irradiate                Conj/Tmut      0%         3d11      100%        5


Dungeon Overview and Level Annotations

Branches:
Dungeon (8/15)             Temple (1/1) D:7
   Lair: D:8-11

Altars:
Cheibriados
Dithmenos
Elyvilon
Fedhas
Gozag
Hepliaklqana
Kikubaaqudgha
Nemelex Xobeh
Okawaru
Qazlal
Sif Muna
Vehumet
Wu Jian
Yredelemnul
Zin
The Shining One

Shops:
D:1 :   D:2 (   D:4 :   D:7 (


Innate Abilities, Weirdness & Mutations

You cannot be hasted, slowed, berserked, paralysed or teleported.
You can dig through walls and to a lower floor.
You have a pair of large antennae on your head. (SInv)
Your four strong arms can wield two-handed weapons with a shield.


Message History

* * * LOW HITPOINT WARNING * * *
You feel better.
The killer bee stings you but does no damage. x2
The killer bee barely misses you. x2
You feel better. The killer bee stings you.
You are poisoned.
The killer bee poisons you!
The killer bee stings you but does no damage. x3
You miss the killer bee.
The killer bee is heavily wounded.
You slash the killer bee! You burn the killer bee.
You kill the killer bee!
Qazlal accepts your kill.
You feel very sick. The killer bee stings you!
* * * LOW HITPOINT WARNING * * *
The killer bee stings you.
* * * LOW HITPOINT WARNING * * *
You are lethally poisoned!
The killer bee poisons you!
Your Invocations skill increases to level 6!
You closely miss the killer bee.
The killer bee is heavily wounded.
* * * LOW HITPOINT WARNING * * *
You feel very sick. The killer bee closely misses you.
The killer bee stings you but does no damage. x2
You are confused.
You feel invigorated.
* * * LOW HITPOINT WARNING * * *
You feel very sick. The killer bee stings you.
* * * LOW HITPOINT WARNING * * *
The killer bee stings you.
* * * LOW HITPOINT WARNING * * *
It was a potion of resistance.
You feel protected.
* * * LOW HITPOINT WARNING * * *
You feel sick. The killer bee stings you.
You die...

#...?...## #........#
##........##
#...........######
.................###
........####.......##
.........## #.......#
..........## #......##
............###†@y...##
.......?......##...#..#
..................###.#
.................## ###
...).......yy..###
.......####....#
#......# ###.##
##.....# ##.#
#....######..#


You could see a killer bee.

Vanquished Creatures
  Prince Ribbit (D:6)
  2 sky beasts
  An ice beast (D:7)
  2 black bears (D:4)
  A centaur (D:8)
  A gnoll sergeant (D:7)
  3 bullfrogs
  2 scorpions
  2 killer bees (D:8)
  3 howler monkeys
  3 jellies
  4 hounds
  An orc priest (D:5)
  A sleepcap (D:4)
  An iguana (D:7)
  Natasha (thrice) (D:2)
  An orc wizard (D:3)
  8 gnolls (D:7)
  3 adders
  A white imp (D:7)
  2 ufetubi
  2 worms (D:3)
  2 dart slugs
  8 orcs
  11 ball pythons
  2 bats
  9 endoplasms
  2 giant cockroaches
  8 goblins
  8 hobgoblins
  3 jackals (D:4)
  A quokka (D:1)
  3 frilled lizards
  4 kobolds
  2 rats (D:1)
111 creatures vanquished.

Notes
Turn   | Place    | Note
-------+----------+-------------------------------------------
     0 | D:1      | lonewolfV2 the Formicid Fighter began the quest for the
                  | Orb.
     0 | D:1      | Reached XP level 1. HP: 18/18 MP: 1/1
    86 | D:1      | Reached XP level 2. HP: 24/24 MP: 2/2
   142 | D:1      | Found Ompialos's Book Shoppe.
   276 | D:1      | Found a faded altar of an unknown god.
   786 | D:1      | Reached XP level 3. HP: 30/30 MP: 3/3
  1099 | D:2      | Noticed Natasha
  1109 | D:2      | Killed Natasha
  1110 | D:2      | Reached XP level 4. HP: 21/37 MP: 4/4
  1354 | D:2      | Found Muxar's Antique Weapon Emporium.
  1369 | D:2      | Noticed Natasha
  1379 | D:2      | Killed Natasha
  1494 | D:2      | Noticed Natasha
  1498 | D:2      | Killed Natasha
  1499 | D:2      | Reached XP level 5. HP: 43/43 MP: 5/5
  1975 | D:3      | Found an ornate altar of the Wu Jian Council.
  2271 | D:3      | Reached skill level 5 in Axes
  2271 | D:3      | Reached XP level 6. HP: 45/50 MP: 6/6
  2576 | D:4      | Reached skill level 5 in Fighting
  2803 | D:4      | Noticed a black bear
  2812 | D:4      | Killed a black bear
  2813 | D:4      | Reached XP level 7. HP: 45/56 MP: 7/7
  3113 | D:4      | Identified the +6 quarterstaff of the People {heavy, Int-2
                  | Dex+5}
  3197 | D:4      | Found Dixkoam's Book Emporium.
  3214 | D:5      | Entered Level 5 of the Dungeon
  4036 | D:6      | Reached XP level 8. HP: 61/65 MP: 8/8
  4090 | D:6      | Noticed Prince Ribbit
  4110 | D:6      | Killed Prince Ribbit
  4595 | D:6      | Found a basalt altar of Yredelemnul.
  4708 | D:7      | Found a staircase to the Ecumenical Temple.
  4716 | Temple   | Entered the Ecumenical Temple
  4883 | Temple   | Became a worshipper of Qazlal Stormbringer
  4956 | D:7      | Reached skill level 1 in Invocations
  4985 | D:7      | Found Cacyl's Weapon Emporium.
  5114 | D:7      | Reached XP level 9. HP: 35/72 MP: 11/11
  5962 | D:8      | Reached skill level 5 in Invocations
  6079 | D:8      | Reached skill level 5 in Armour
  6168 | D:8      | HP: 1/72 [killer bee (3)]
  6169 | D:8      | Slain by a killer bee

Illustrated notes

Levels and vault maps discovered:
D:1:      nzn_arrival_crosshair, layout_basic, serial_shops, shop_statue,
          basic_ecumenical_altar, st_stairs_7
D:2:      layout_basic, serial_shops, nicolae_shop_tiny_waterfront, uniq_natasha
D:3:      layout_loops_ring, pdpol_wu_jian_five_deadly_venoms,
          grunt_decor_resistance
D:4:      layout_basic, serial_shops, nicolae_book_shop_shelving,
          hangedman_decor_peaks_small, hangedman_minor_gate_pass
D:5:      cheibrodos_iron_armory, layout_cave_pools, serial_co_window_serial,
          co_window_corner_a, co_window_paths_a, co_window_corner_a,
          co_window_paths_a, co_window_of_opportunity_a, co_window_paths_b,
          co_window_paths_a, co_window_corner_b, co_window_of_opportunity_c,
          co_window_broadway_b, glass_columns_b, glass_columns_a,
          glass_columns_a, glass_columns_b
D:6:      layout_basic, mainiacjoe_overflow_concentric_impassable,
          uniq_prince_ribbit1
D:7:      layout_basic, minmay_temple_entry_hall, serial_shops,
          nicolae_shop_tiny_glass
D:8:      layout_layer_cave, kennysheep_mini_moat, nzn_ghost_randoct,
          minmay_misc_feat_five
Temple:   hc_temple_tempest_star

Skill      XL: |  1  2  3  4  5  6  7  8  9 |
---------------+----------------------------+-----
Axes           | 3 4 5 6 7 |  7.6
Fighting       | 4 5 6 7 |  7.6
Invocations    | 3 6 |  6.0
Armour         | 4 5 |  5.2
Shields        | |  4.0

Action                     |  1- 3 |  4- 6 |  7- 9 || total
---------------------------+-------+-------+-------++-------
  Melee: War axe           |    75 |    99 |   165 ||   339
  Evoke: Wand              |       |       |     1 ||     1
    Use: Scroll            |     5 |     5 |     5 ||    15
         Potion            |       |       |     6 ||     6
 Armour: Scale mail        |     9 |       |       ||     9
         Plate armour      |    39 |    95 |   139 ||   273
  Dodge: Dodged            |    28 |    27 |    56 ||   111
  Block: Buckler           |    28 |    30 |    53 ||   111
